Match 45713492
Unlisted

Match 45713492
End
Pioneer Squad
Construct Infanterie Kompanie
MG 42 Machine Gun Team
Sniper
Grenadier Squad
Construct Luftwaffe Kompanie
Grenadier Squad
221 Scout Car
Selects Breakthrough Battlegroup
Selects Breakthrough Battlegroup
Selects Rapid Production
Selects Assault Grenadiers
221 Scout Car
Support Elements
Medical Station
Wirbelwind Flakpanzer
Wirbelwind Flakpanzer
Selects Blitzkrieg
Selects Smoke Bombing Run
Smoke Bombing Run
Luftwaffe Officer Quarters
Kettenkrad Recon Vehicle
实力不足只能当老六了
9magicfingers
brady1989723
Bran
thecrazycowboygeneral
Altair9527
0
0

Comments sign in to comment!

No comments posted yet!